 Dungeon Crawl Stone Soup version 0.23.2-33-g5129a83184 (webtiles) character file.

Game seed: 5300171494733149529

2634 GotenAND the Cleaver (level 9, -2/81 HPs)
             Began as a Deep Dwarf Fighter on July 14, 2019.
             Was a Follower of Makhleb.
             Slain by an orc warrior
             ... wielding a +0 flail
              (8 damage)
             ... on level 7 of the Dungeon.
             The game lasted 00:14:55 (5532 turns).

GotenAND the Cleaver (Deep Dwarf Fighter)           Turns: 5532, Time: 00:14:56

Health: -2/81      AC: -4    Str: 22    XL:     9   Next: 35%
Magic:  10/10      EV:  9    Int:  9    God:    Makhleb [*.....]
Gold:   373        SH: 10    Dex: 13    Spells: 14/14 levels left

rFire    . . .     SeeInvis .   a - +2 war axe
rCold    . . .     Gourm    .   c - +0 shield
rNeg     . . .     Faith    .   b - +0 scale mail
rPois    .         Spirit   .   q - +2 helmet
rElec    .         Reflect  .   (no cloak)
rCorr    .         Harm     .   (no gloves)
MR       +....                  (no boots)
Stlth    ..........             (no amulet)
HPRegen  0.00/turn              (no ring)
MPRegen  0.12/turn              (no ring)

@: corroded, non-regenerating
A: damage resistance, heal wounds, sense surroundings 2, no regeneration
a: Heal Wounds, Renounce Religion


You were on level 7 of the Dungeon.
You worshipped Makhleb.
Makhleb was aware of your devotion.
You were hungry.

You visited 2 branches of the dungeon, and saw 9 of its levels.

You collected 373 gold pieces.

Inventory:

Hand Weapons
 a - a +2 war axe (weapon)
Armour
 b - a +0 scale mail (worn)
 c - a +0 shield (worn)
 q - a +2 helmet (worn)
Scrolls
 k - a scroll of identify
 l - a scroll of remove curse {unknown}
 m - 2 scrolls of teleportation {unknown}
 o - 2 scrolls of enchant armour {unknown}
 p - a scroll of enchant weapon
 s - a scroll of amnesia
 t - a scroll of magic mapping {unknown}
Potions
 d - 2 potions of might
 e - 2 potions of heal wounds
 g - 2 potions of curing
 n - a potion of mutation {unknown}
Comestibles
 f - 10 rations


   Skills:
 * Level 5.0 Fighting
 * Level 9.0 Axes
 * Level 6.7 Armour
 + Level 2.5 Dodging
 * Level 6.3 Shields
 * Level 3.4 Spellcasting


You had 14 spell levels left.
You didn't know any spells.
Your spell library was empty.

Dungeon Overview and Level Annotations

Branches:
Dungeon (8/15)             Temple (1/1) D:4
   Lair: D:8-11

Altars:
Cheibriados
Dithmenos
Elyvilon
Fedhas
Hepliaklqana
Makhleb
Nemelex Xobeh
Okawaru
Ru
Sif Muna
Vehumet
Xom
Yredelemnul
Zin


Innate Abilities, Weirdness & Mutations

You are resistant to damage.
You can heal yourself by infusing magical energy.
You passively map the area around you.
You do not regenerate.


Message History

You closely miss the orc warrior.
You block the brown ugly thing's attack.
You hit the brown ugly thing but do no damage.
The brown ugly thing is almost dead.
You barely miss the orc warrior. The orc warrior closely misses you.
You block the brown ugly thing's attack.
You closely miss the brown ugly thing.
The brown ugly thing is almost dead.
You hit the orc warrior.
The orc warrior hits you with a +0 flail!!
The brown ugly thing pecks you!
You are splashed with acid!
* * * LOW HITPOINT WARNING * * *
You hit the brown ugly thing but do no damage.
The brown ugly thing is almost dead.
You hit the orc warrior. The brown ugly thing pecks you!
* * * LOW HITPOINT WARNING * * *
The acid corrodes you!
You are splashed with acid!
* * * LOW HITPOINT WARNING * * *
The orc warrior hits you with a +0 flail!
You die...

#...#).# ##..........##...##
..####)########.....#####.###.###
.###.)......##.......## #.#.#.# #
.###.#...##.#.........###.....# #
............+.........+.......# #
####.....##.#.........###.....###
#.....# ##.......## #........
#(..... ##.o...## #####.###
#..##.## ##@u.## #.# #.. .. ##'##
#.# * * ** ######.###########>#
#.....(..##........# *,
#.####.#.##.######## *
#...........# #.##.....####
..#####........# *
...........#..##


You could see a brown ugly thing and an orc warrior.

Vanquished Creatures
  A manticore (D:7)
  Grinder (D:4)
  A slime creature (D:7)
  Sigmund (D:2)
  An orc warrior (D:7)
  An ice beast (D:6)
  An ogre (D:4)
  A phantom (D:4)
  A centaur (D:5)
  Blork the orc (D:4)
  A bullfrog (D:2)
  2 scorpions (D:6)
  3 wights (D:7)
  A howler monkey (D:7)
  A bullfrog zombie (D:5)
  2 hounds
  3 orc priests
  Jessica (D:3)
  2 iguanas
  5 worker ants
  Terence (D:2)
  7 orc wizards
  A hound zombie (D:7)
  A hound skeleton (D:4)
  A worker ant zombie (D:7)
  Robin (D:3)
  9 adders
  A shadow imp (D:3)
  3 oozes
  An adder zombie (D:5)
  An adder skeleton (D:5)
  3 worms
  3 leopard geckos
  21 orcs
  3 ball pythons (D:1)
  3 giant cockroaches
  16 goblins
  10 hobgoblins
  13 jackals
  3 quokkas
  7 bats
  3 frilled lizards
  A jackal zombie (D:6)
  7 kobolds
  A leopard gecko zombie (D:7)
  A quokka zombie (D:5)
  10 rats
163 creatures vanquished.

Notes
Turn   | Place    | Note
-------+----------+-------------------------------------------
     0 | D:1      | GotenAND the Deep Dwarf Fighter began the quest for the
                  | Orb.
     0 | D:1      | Reached XP level 1. HP: 20/20 MP: 1/1
    98 | D:1      | Reached XP level 2. HP: 27/27 MP: 2/2
   543 | D:1      | Reached XP level 3. HP: 31/33 MP: 3/3
   726 | D:2      | Reached skill level 3 in Axes
   726 | D:2      | Reached XP level 4. HP: 41/42 MP: 4/4
   754 | D:2      | Noticed Terence
   764 | D:2      | Killed Terence
   849 | D:2      | Noticed Sigmund
   862 | D:2      | Killed Sigmund
   862 | D:2      | Reached skill level 4 in Axes
   862 | D:2      | Reached skill level 1 in Spellcasting
   862 | D:2      | Reached XP level 5. HP: 49/49 MP: 6/6
   862 | D:2      | Reached XP level 6. HP: 56/56 MP: 7/7
  1304 | D:3      | Noticed Jessica
  1311 | D:3      | Noticed Robin
  1316 | D:3      | Killed Jessica
  1316 | D:3      | Reached skill level 5 in Axes
  1316 | D:3      | Reached skill level 1 in Dodging
  1322 | D:3      | Killed Robin
  1615 | D:3      | Reached XP level 7. HP: 54/63 MP: 9/9
  1764 | D:4      | Found a staircase to the Ecumenical Temple.
  1804 | Temple   | Entered the Ecumenical Temple
  1846 | Temple   | Became a worshipper of Makhleb the Destroyer
  1947 | D:4      | Noticed Blork the orc
  1960 | D:4      | Killed Blork the orc
  1960 | D:4      | Reached skill level 5 in Shields
  3079 | D:4      | Reached skill level 5 in Armour
  3117 | D:4      | Identified the +11 rapier "Towk" {pain, +Fly Str-4 Dex+9
                  | SInv}
  3160 | D:4      | Noticed Grinder
  3180 | D:4      | Paralysed by Grinder for 2 turns
  3188 | D:4      | Killed Grinder
  3188 | D:4      | Reached skill level 6 in Axes
  3188 | D:4      | Reached XP level 8. HP: 39/72 MP: 9/11
  3736 | D:5      | Entered Level 5 of the Dungeon
  3736 | D:5      | Noticed Edmund
  3995 | D:5      | Reached skill level 7 in Axes
  4182 | D:6      | Reached * piety under Makhleb
  4968 | D:7      | Reached skill level 8 in Axes
  5114 | D:7      | Gained mutation: You passively map the area around you.
                  | [Deep Dwarf growth]
  5114 | D:7      | Reached XP level 9. HP: 52/79 MP: 12/12
  5386 | D:7      | Noticed a brown ugly thing
  5386 | D:7      | Noticed a manticore
  5408 | D:7      | Killed a manticore
  5411 | D:7      | Reached skill level 5 in Fighting
  5411 | D:7      | Reached skill level 9 in Axes
  5532 | D:7      | Slain by an orc warrior

Skill      XL: |  1  2  3  4  5  6  7  8  9 |
---------------+----------------------------+-----
Armour         | 4 5 6 |  6.7
Fighting       | 3 4 5 |  5.0
Axes           | 3 4 5 6 8 9 |  9.0
Shields        | 4 5 6 |  6.3
Spellcasting   | 1 2 3 |  3.4
Dodging        | 1 2 |  2.5

Action                   |  1- 3 |  4- 6 |  7- 9 || total
-------------------------+-------+-------+-------++-------
Melee: War axe           |   113 |   123 |   370 ||   606
 Abil: Heal Wounds       |     1 |     3 |    34 ||    38
  Use: Scroll            |       |     6 |    10 ||    16
       Potion            |       |       |     5 ||     5
  Eat: Chunk             |       |     3 |     9 ||    12
       Ration            |       |       |     1 ||     1
Armor: Scale mail        |    81 |    63 |   141 ||   285
Dodge: Dodged            |    67 |    43 |   115 ||   225
Block: Shield            |    95 |    87 |   174 ||   356
